 Dungeon Crawl Stone Soup version 0.21.0-26-g889b8f6 (webtiles) character file.

3777 ponchio the Fighter (level 10, -6/68 HPs)
             Began as a Gargoyle Fighter on Jan 27, 2018.
             Was a Priest of Okawaru.
             Mangled by an orc warrior
             ... wielding a +4 scimitar of slicing
              (14 damage)
             ... on level 7 of the Dungeon.
             The game lasted 00:34:13 (8486 turns).

ponchio the Fighter (Gargoyle Fighter)              Turns: 8486, Time: 00:34:14

Health: -6/68      AC: 19    Str: 21    XL:     10   Next: 16%
Magic:  14/14      EV:  8    Int: 10    God:    Okawaru [***...]
Gold:   331        SH: 10    Dex: 12    Spells: 9/9 levels left

rFire    . . .     SeeInvis +   a - +1 flail
rCold    . . .     Gourm    .   c - +1 shield
rNeg     + . .     Faith    .   j - +0 ring mail
rPois    ∞         Spirit   .   (no helmet)
rElec    +         Reflect  .   (no cloak)
rCorr    .         Harm     .   h - +2 pair of gloves
MR       +....                  u - +2 pair of boots
Stlth    +.........             C - amulet "Loghymn" {+Rage Str+2 SInv}
HPRegen  0.21/turn              g - ring of protection from magic
MPRegen  0.14/turn              n - ring of flight

@: no status effects
A: negative energy resistance 1, electricity resistance, unbreathing,
petrification resistance, rot immunity, AC +7
a: Heroism, Renounce Religion, Evoke Berserk Rage, Evoke Flight


You were on level 7 of the Dungeon.
You worshipped Okawaru.
Okawaru was most pleased with you.
You were not hungry.

You visited 2 branches of the dungeon, and saw 9 of its levels.

You collected 331 gold pieces.

Inventory:

Hand Weapons
 a - a +1 flail (weapon)
Armour
 b - a +0 scale mail
 c - a +1 shield (worn)
 h - a +2 pair of gloves (worn)
 j - a +0 ring mail (worn)
 u - a +2 pair of boots (worn)
Jewellery
 g - a ring of protection from magic (left hand)
 n - a ring of flight (right hand)
 y - an uncursed ring of poison resistance
 C - the amulet "Loghymn" (around neck) {+Rage Str+2 SInv}
   (You found it on level 7 of the Dungeon)

   [amulet of rage]

   It affects your strength (+2).
   It lets you see invisible.
   It lets you go berserk.
Wands
 B - a wand of flame (32)
Scrolls
 e - 5 scrolls of remove curse
 i - a scroll of fog
 k - a scroll of enchant armour
 m - 3 scrolls of identify
 p - 3 scrolls of immolation
 q - 2 scrolls of amnesia
 s - a scroll of enchant weapon
 D - 3 scrolls of teleportation
Potions
 d - 2 potions of might
 l - a potion of curing
 o - a potion of lignification
 r - 2 potions of flight {unknown}
 t - 2 potions of brilliance
 v - a potion of degeneration {unknown}
 x - a potion of heal wounds {unknown}
 z - 2 potions of berserk rage {unknown}
Books
 w - a book of Air

   Spells                             Type                      Level
   a - Shock                          Conjuration/Air              1
   b - Swiftness                      Charms/Air                   2
   c - Static Discharge               Conjuration/Air              3
   d - Airstrike                      Air                          4
   e - Lightning Bolt                 Conjuration/Air              5
Comestibles
 f - 17 rations


   Skills:
 + Level 10.7 Fighting
 + Level 9.5 Maces & Flails
 - Level 3.2 Armour
 - Level 3.2 Shields
 + Level 5.8 Invocations


You had 9 spell levels left.
You didn't know any spells.

Dungeon Overview and Level Annotations

Branches:
Dungeon (8/15)             Temple (1/1) D:5
   Lair: D:8-11

Altars:
Ashenzari
Cheibriados
Dithmenos
Elyvilon
Fedhas
Gozag
Hepliaklqana
Kikubaaqudgha
Makhleb
Nemelex Xobeh
Okawaru
Qazlal
Ru
Sif Muna
Trog
Uskayaw
Vehumet
Wu Jian
Xom
Yredelemnul
Zin
The Shining One

Shops:
D:7 }


Innate Abilities, Weirdness & Mutations

You are resistant to torment.
Your stone body is resilient. (AC +7)
You are immune to poison.
You resist negative energy. (rN+)
You are resistant to electric shocks. (rElec)
You can survive without breathing.
You are immune to petrification.
You are immune to rotting.


Message History

You closely miss the orc warrior.
The orc warrior hits you but does no damage.
You barely miss the orc warrior. The orc warrior closely misses you.
You bludgeon the orc warrior!!
The orc warrior is severely wounded.
The orc warrior hits you with a scimitar of slicing.
* * * LOW HITPOINT WARNING * * *
x2 You hit the orc warrior.
The orc warrior is severely wounded.
The orc warrior hits you with a scimitar of slicing.
* * * LOW HITPOINT WARNING * * *
x2 You closely miss the orc warrior.
The orc warrior is severely wounded.
The orc warrior hits you with a scimitar of slicing!
* * * LOW HITPOINT WARNING * * *
x2 You feel better.
You hit the orc warrior.
The orc warrior is almost dead.
The orc warrior hits you with a scimitar of slicing!
You die...

#############
#...........######
#...........##...#
#...........##...#
#...........##.).#
'#'#........##...#
.+∩+.......#####.#
.#+#.......)...#.#
........)..#.#.#@#
.#####...#######o#
..P.##...### #.##
PPPP.#.....#####..#
PP_P.<............#
.P.P.#............####
.................>'..#
......##..........##.#
.^.^.###..........##.#


You could see an orc warrior.

Vanquished Creatures
  The ghost of Nr616 the Carver, a novice MiFi of Okawaru (D:5)
  A troll (D:6)
  A hippogriff (D:7)
  A spriggan (D:7)
  The ghost of loralnil the Covered, an amateur GrFi (D:4)
  A porcupine (D:7)
  2 ice beasts
  2 orc warriors (D:6)
  2 phantoms
  3 ogres
  4 centaurs
  2 bullfrogs (D:7)
  A jelly (D:6)
  4 killer bees (D:7)
  6 wights (D:7)
  2 crimson imps (D:6)
  2 hounds
  A quasit (D:7)
  2 orc wizards
  4 orc priests
  An iguana (D:6)
  6 worker ants
  A killer bee zombie (D:6)
  A hound zombie (D:7)
  8 gnolls
  11 adders
  3 shadow imps
  5 worms
  2 dart slugs
  6 leopard geckos
  19 orcs
  A ball python (D:4)
  5 giant cockroaches
  7 goblins
  7 hobgoblins
  4 jackals (D:1)
  5 kobolds
  5 quokkas
  5 bats
  8 frilled lizards
  5 rats
158 creatures vanquished.

Vanquished Creatures (others)
  A fungus (D:8)
1 creature vanquished.

Grand Total: 159 creatures vanquished

Notes
Turn   | Place    | Note
-------+----------+-------------------------------------------
     0 | D:1      | ponchio the Gargoyle Fighter began the quest for the Orb.
     0 | D:1      | Reached XP level 1. HP: 14/14 MP: 1/1
   472 | D:1      | Reached XP level 2. HP: 19/19 MP: 2/2
   837 | D:1      | Reached XP level 3. HP: 24/24 MP: 3/3
   855 | D:1      | Reached skill level 4 in Fighting
  1285 | D:2      | HP: 1/24 [worm (4)]
  1890 | D:2      | Reached XP level 4. HP: 24/30 MP: 4/4
  2253 | D:3      | Found a shadowy altar of Dithmenos.
  2752 | D:2      | Reached XP level 5. HP: 28/34 MP: 5/5
  2821 | D:3      | Reached skill level 5 in Fighting
  3016 | D:4      | Noticed a phantom
  3021 | D:4      | Noticed loralnil's ghost (amateur GrFi)
  3035 | D:3      | Killed a phantom
  3035 | D:3      | Reached XP level 6. HP: 34/41 MP: 6/6
  3472 | D:4      | Reached skill level 6 in Fighting
  3588 | D:4      | Reached skill level 5 in Maces & Flails
  3751 | D:4      | Reached XP level 7. HP: 41/47 MP: 7/7
  4127 | D:4      | Killed loralnil's ghost
  4153 | D:4      | Found a basalt altar of Yredelemnul.
  4408 | D:4      | Reached skill level 7 in Fighting
  4450 | D:5      | Entered Level 5 of the Dungeon
  4450 | D:5      | Noticed Nr616's ghost (novice MiFi)
  5013 | D:5      | Found a staircase to the Ecumenical Temple.
  5025 | Temple   | Entered the Ecumenical Temple
  5041 | Temple   | Became a worshipper of Warmaster Okawaru
  5141 | D:5      | Reached XP level 8. HP: 34/53 MP: 8/8
  5302 | D:5      | Found a burning altar of Makhleb.
  5500 | D:5      | Reached skill level 8 in Fighting
  5852 | D:5      | Killed Nr616's ghost
  5852 | D:5      | Reached * piety under Okawaru
  6148 | D:6      | Reached skill level 9 in Fighting
  6148 | D:6      | Reached skill level 1 in Invocations
  6274 | D:6      | Reached XP level 9. HP: 41/60 MP: 10/10
  6275 | D:6      | Noticed a troll
  6519 | D:6      | Found an ancient bone altar of Kikubaaqudgha.
  6616 | D:6      | Killed a troll
  7023 | D:6      | Reached ** piety under Okawaru
  7775 | D:7      | Found a blossoming altar of Fedhas.
  7775 | D:7      | Found a stormy altar of Qazlal.
  7851 | D:7      | Reached skill level 10 in Fighting
  8088 | D:7      | Found Seopn's Gadget Shop.
  8127 | D:7      | Reached skill level 5 in Invocations
  8132 | D:7      | Reached *** piety under Okawaru
  8194 | D:7      | Reached XP level 10. HP: 57/68 MP: 12/14
  8393 | D:7      | Got a wavering jade amulet
  8394 | D:7      | Identified the amulet "Loghymn" {+Rage Str+2 SInv} (You found it on level 7 of the Dungeon)
  8484 | D:7      | HP: 2/68 [orc warrior/scimitar of slicing (2)]
  8486 | D:7      | Mangled by an orc warrior

Skill      XL: |  1  2  3  4  5  6  7  8  9 |
---------------+----------------------------+-----
Fighting       | 4 5 6 7 9 10 | 10.7
Maces & Flails | 3 4 5 6 8 9 |  9.5
Invocations    | 1 5 |  5.8
Armour         | |  3.2
Shields        | |  3.2

Action                   |  1- 3 |  4- 6 |  7- 9 | 10-12 || total
-------------------------+-------+-------+-------+-------++-------
Melee: Flail             |   175 |   158 |   435 |    64 ||   832
  Use: Scroll            |       |    12 |     5 |       ||    17
       Potion            |       |       |     4 |     2 ||     6
  Eat: Chunk             |     3 |     5 |    10 |     1 ||    19
       Ration            |       |       |     2 |       ||     2
Armor: Scale mail        |    89 |       |       |       ||    89
       Ring mail         |    40 |    62 |   213 |    22 ||   337
Dodge: Dodged            |    81 |    47 |   149 |    14 ||   291
Block: Shield            |   102 |    66 |   222 |    33 ||   423
